 Dungeon Crawl Stone Soup version 0.22-a0-355-g201945f (webtiles) character file.

1128 4thArraOfDagon the Firebug (level 8, -12/53 HPs)
             Began as a Mummy Fire Elementalist on Apr 17, 2018.
             Was a Believer of Sif Muna.
             Killed from afar by zhorgal's ghost (22 damage)
             ... with a flame tongue
             ... on level 4 of the Dungeon.
             The game lasted 00:11:55 (3682 turns).

4thArraOfDagon the Firebug (MuFE)                   Turns: 3682, Time: 00:11:56

Health: -12/53     AC:  4    Str: 12    XL:     8   Next: 13%
Magic:  11/16      EV: 12    Int: 19    God:    Sif Muna [**....]
Gold:   378        SH:  0    Dex: 12    Spells: 4/17 levels left

rFire    x . .     SeeInvis .   k - +4 falchion
rCold    + . .     Gourm    .   (no shield)
rNeg     + + +     Faith    .   a - +0 robe
rPois    ∞         Spirit   .   (no helmet)
rElec    .         Reflect  .   p - +1 cloak {+Inv}
rCorr    .         Harm     +   (no gloves)
MR       ++...                  (no boots)
Stlth    ++........             j - amulet of harm
HPRegen  0.17/turn              b - ring of protection from magic
MPRegen  0.15/turn              i - +3 ring of intelligence

@: about to teleport, divine energy
A: no food or potions, fire vulnerability, cold resistance 1, negative energy
resistance 3, torment resistance, unbreathing
a: Stop Divine Energy, Renounce Religion, Evoke Invisibility


You were on level 4 of the Dungeon.
You worshipped Sif Muna.
Sif Muna was pleased with you.
You were not hungry.

You visited 2 branches of the dungeon, and saw 7 of its levels.

You collected 378 gold pieces.

Inventory:

Hand Weapons
 f - a +0 long sword
 k - a +4 falchion (weapon)
 m - the +6 dagger "Pizxa" {drain, Dex+2}
   (You found it on level 4 of the Dungeon)

   A truly terrible weapon, it drains the life of those it strikes.
   It affects your dexterity (+2).
Armour
 a - a +0 robe (worn)
 d - a +1 cloak
 n - a +0 cloak
 p - a +1 cloak of invisibility (worn)
Jewellery
 b - a ring of protection from magic (left hand)
 i - a +3 ring of intelligence (right hand)
 j - an amulet of harm (around neck)
Wands
 o - a wand of digging (23)
Scrolls
 c - 3 scrolls of remove curse
 e - 3 scrolls of teleportation
 g - 2 scrolls of blinking
 h - 3 scrolls of enchant armour
 l - 3 scrolls of identify
 q - a scroll of immolation


   Skills:
 - Level 0.7 Fighting
 - Level 0.8 Long Blades
 - Level 1.5 Dodging
 - Level 1.5 Stealth
 - Level 0.2 Unarmed Combat
 + Level 5.3 Spellcasting
 * Level 4.3 Conjurations
 * Level 5.4 Fire Magic
 + Level 2.7 Invocations


You had 4 spell levels left.
You knew the following spells:

 Your Spells              Type           Power        Failure   Level  Hunger
a - Flame Tongue          Conj/Fire      ###..        1%          1    N/A
b - Conjure Flame         Conj/Fire      ###.....     4%          3    N/A
c - Sticky Flame          Conj/Fire      ###.....     16%         4    N/A
d - Fireball              Conj/Fire      ###.......   41%         5    N/A

Dungeon Overview and Level Annotations

Branches:
Dungeon (6/15)             Temple (1/1) D:6

Altars:
Ashenzari
Cheibriados
Dithmenos
Fedhas
Gozag
Hepliaklqana
Kikubaaqudgha
Makhleb
Nemelex Xobeh
Okawaru
Qazlal
Ru
Sif Muna
Trog
Uskayaw
Vehumet
Wu Jian
Xom
Yredelemnul
Zin
The Shining One

Shops:
D:6 }

Annotations:
D:4 zhorgal's ghost, novice DrFE
D:5 Eustachio


Innate Abilities, Weirdness & Mutations

You do not eat or drink.
Your flesh is vulnerable to fire.
You are immune to poison.
Your flesh is cold resistant. (rC+)
You are immune to negative energy. (rN+++)
You are immune to unholy pain and torment.
You can survive without breathing.


Message History

Aim: zhorgal's ghost (lightly damaged)
The flame tongue hits zhorgal's ghost.
Zhorgal's ghost appears unharmed.
Zhorgal's ghost is lightly damaged.
Zhorgal's ghost points at you and mumbles some strange words.
The flame tongue hits you! The fire burns you terribly!
* * * LOW HITPOINT WARNING * * *
Casting: Flame Tongue (safe; 1% risk of failure)
Confirm with . or Enter, or press ? or * to list all spells.
Aiming: Flame Tongue (safe; 1% risk of failure)
Press: ? - help, Shift-Dir - straight line, f/p - zhorgal's ghost
Aim: zhorgal's ghost (lightly damaged)
Okay, then.
Unknown command.
Unknown command.
Unknown command.
As you read the scroll of teleportation, it crumbles to dust.
You feel strangely unstable.
Zhorgal's ghost points at you and mumbles some strange words.
The flame tongue hits you! The fire burns you terribly!
You die...

##.o......######## #.#.######
o.......W........# #)#.......
##.#.>###.######.# #)########
......# #.# #.# #.# .#....#
#.######.#######.# .#.W#.#
#.o...........##.# .#..#.#
#.######W####.##.# .#..#.# #.#
#.# #.##)# #.....###.# #@# #.##.#
.#........# #.####.#..#
....#####.######.#.......#
#..............(...##.#..#
#..####...######.####.#..########
#.........# #.# #......>.....
#.#####..## #.# ###..######## #.#
#..# #.# #.....# #.## #..# #.#
##.##.#


You could see zhorgal's ghost.

Vanquished Creatures
  Grinder (D:4)
  An ogre (D:4)
  A bullfrog (D:6)
  2 wights (D:6)
  2 howler monkeys (D:4)
  3 hounds (D:4)
  Crazy Yiuf (D:4)
  Natasha (thrice) (D:3)
  Terence (D:3)
  2 iguanas
  2 orc wizards (D:4)
  Ijyb (D:4)
  A worker ant (D:4)
  Robin (D:2)
  11 adders
  An ooze (D:1)
  An adder zombie (D:6)
  7 worms
  6 leopard geckos
  8 orcs
  A ball python (D:1)
  2 giant cockroaches
  13 goblins
  9 hobgoblins
  7 jackals
  6 kobolds
  A quokka (D:3)
  9 bats
  12 frilled lizards
  A jackal skeleton (D:6)
  A leopard gecko skeleton (D:4)
  13 rats
131 creatures vanquished.

Notes
Turn   | Place    | Note
-------+----------+-------------------------------------------
     0 | D:1      | 4thArraOfDagon the Mummy Fire Elementalist began the quest for the Orb.
     0 | D:1      | Reached XP level 1. HP: 13/13 MP: 4/4
   183 | D:1      | Reached XP level 2. HP: 4/19 MP: 0/5
   291 | D:1      | Reached skill level 1 in Conjurations
   526 | D:2      | Reached XP level 3. HP: 9/24 MP: 0/7
   534 | D:2      | Learned a level 3 spell: Conjure Flame
   538 | D:2      | Found a shattered altar of Ashenzari.
   711 | D:4      | Noticed zhorgal's ghost (novice DrFE)
   722 | D:5      | Entered Level 5 of the Dungeon
   740 | D:5      | Found a shadowy altar of Dithmenos.
   741 | D:5      | Noticed a slave
   751 | D:5      | Noticed a black bear
   898 | D:5      | Noticed Eustachio
   904 | D:6      | Found Amimnex's Gadget Boutique.
   915 | D:6      | Noticed a bullfrog
   931 | D:6      | Killed a bullfrog
   931 | D:6      | Reached XP level 4. HP: 10/31 MP: 5/9
   941 | D:6      | Learned a level 4 spell: Sticky Flame
   960 | D:6      | Found a staircase to the Ecumenical Temple.
   966 | Temple   | Entered the Ecumenical Temple
   996 | Temple   | Became a worshipper of Sif Muna the Loreminder
  1249 | D:6      | Reached XP level 5. HP: 29/36 MP: 0/10
  1599 | D:4      | Noticed Grinder
  1625 | D:4      | Killed Grinder
  1625 | D:4      | Reached skill level 1 in Invocations
  1625 | D:4      | Reached XP level 6. HP: 31/42 MP: 3/12
  1632 | D:4      | Learned a level 5 spell: Fireball
  1657 | D:4      | Reached * piety under Sif Muna
  1744 | D:4      | Reached XP level 7. HP: 37/47 MP: 11/13
  1796 | D:4      | Got a polished dagger
  1797 | D:4      | Identified the +6 dagger "Pizxa" {drain, Dex+2} (You found it on level 4 of the Dungeon)
  1822 | D:3      | Found a glowing golden altar of the Shining One.
  1822 | D:3      | Found a sacrificial altar of Ru.
  1822 | D:3      | Found a snail-covered altar of Cheibriados.
  1823 | D:3      | Found a hide-covered altar of Uskayaw.
  1824 | D:3      | Found a radiant altar of Vehumet.
  1846 | D:3      | Noticed Natasha
  1856 | D:3      | Killed Natasha
  1877 | D:3      | Noticed Natasha
  1888 | D:3      | Killed Natasha
  2112 | D:2      | Noticed Robin
  2126 | D:2      | Killed Robin
  2300 | D:1      | Reached ** piety under Sif Muna
  2303 | D:1      | Reached skill level 5 in Fire Magic
  2761 | D:3      | Noticed Natasha
  2821 | D:3      | Found an opulent altar of Gozag.
  3030 | D:3      | Found a hazy altar of Hepliaklqana.
  3045 | D:3      | Noticed Terence
  3054 | D:3      | Killed Terence
  3054 | D:3      | Reached skill level 5 in Spellcasting
  3091 | D:3      | Killed Natasha
  3292 | D:4      | Reached XP level 8. HP: 32/53 MP: 2/15
  3376 | D:4      | Noticed Ijyb
  3383 | D:4      | Killed Ijyb
  3537 | D:4      | Found a runed door.
  3541 | D:4      | Noticed Crazy Yiuf
  3544 | D:4      | Killed Crazy Yiuf
  3682 | D:4      | Killed from afar by zhorgal's ghost

Vault maps used:
D:1:      co_arrival_random_square_maze
D:2:      kennysheep_six_static_rooms, old_standard_altar, uniq_robin
D:3:      nicolae_overflow_hidden_temple, grunt_temple_overflow_open,
          grunt_gozag_breadcrumbs, kennysheep_generic_room_11, uniq_natasha,
          uniq_terence
D:4:      minmay_lizard_king, uniq_crazy_yiuf_cottage, uniq_ijyb, uniq_grinder
D:5:      lemuel_crystal_altar, first_ration, serial_shops, shop, uniq_sigmund,
          uniq_pikel, uniq_eustachio
D:6:      minmay_temple_entry_hall, serial_shops, shop_coins
Temple:   minmay_temple_bridge_abc

Skill      XL: |  1  2  3  4  5  6  7 |
---------------+----------------------+-----
Conjurations   | 1 2 3 4 |  4.3
Fire Magic     | 3 4 5 |  5.4
Spellcasting   | 3 4 5 |  5.3
Invocations    | 1 2 |  2.7
Fighting       | |  0.7
Long Blades    | |  0.8
Dodging        | |  1.5
Stealth        | |  1.5
Unarmed Combat | |  0.2

Action                   |  1- 3 |  4- 6 |  7- 9 || total
-------------------------+-------+-------+-------++-------
Melee: Unarmed           |    12 |       |       ||    12
       Long sword        |    21 |     3 |       ||    24
       Falchion          |       |    36 |    25 ||    61
       Dagger            |       |       |    77 ||    77
 Cast: Flame Tongue      |    48 |    16 |    55 ||   119
       Conjure Flame     |     1 |     2 |     3 ||     6
       Sticky Flame      |       |     3 |    14 ||    17
Invok: Divine Energy     |       |     1 |       ||     1
  Use: Scroll            |     6 |     1 |     2 ||     9
 Stab: Sleeping          |       |       |     2 ||     2
Armor: Robe              |    17 |    10 |    34 ||    61
Dodge: Dodged            |    49 |    33 |    99 ||   181
       Rpst.: Long sword |     3 |     1 |       ||     4
       Falchion          |       |     7 |    12 ||    19

Table legend:
 A = Spawn XP
 B = Non-spawn XP
 C = Spawn XP percentage of total XP
 D = Spawn monster count
 E = Non-spawn monster count
 F = Spawn count percentage of total count
 G = Total turns spent on level
                    A         B        C        D         E        F      G
               +---------+---------+-------+---------+---------+-------+---------
         Total |       0 |    1612 |   0.0 |       0 |     131 |   0.0 |  3682
               +---------+---------+-------+---------+---------+-------+---------
           D:1 |       0 |      58 |   0.0 |       0 |      30 |   0.0 |   738
           D:2 |       0 |     132 |   0.0 |       0 |      38 |   0.0 |   631
           D:3 |       0 |     254 |   0.0 |       0 |      24 |   0.0 |   702
           D:4 |       0 |     907 |   0.0 |       0 |      28 |   0.0 |   739
           D:5 |       0 |      48 |   0.0 |       0 |       6 |   0.0 |   328
           D:6 |       0 |     213 |   0.0 |       0 |       5 |   0.0 |   492
               +---------+---------+-------+---------+---------+-------+---------
